 Dungeon Crawl Stone Soup version 0.24.0-1-gfbc8707122 (webtiles) character file.

Game seed: 8234594896578302573, levelgen mode: deterministic

385406 Thantalas the Scorcher (level 22, -15/130 HPs)
             Began as a Gargoyle Earth Elementalist on Oct 26, 2019.
             Was the Champion of Vehumet.
             Shot with a bolt by a yaktaur (25 damage)
             ... on level 1 of the Depths.
             The game lasted 05:15:48 (64528 turns).

Thantalas the Scorcher (GrEE)                      Turns: 64528, Time: 05:15:49

Health: -15/130    AC: 33    Str: 20    XL:     22   Next: 98%
Magic:  2/42       EV: 12    Int: 35    God:    Vehumet [******]
Gold:   2577       SH: 18    Dex: 10    Spells: 10/53 levels left

rFire    + . .     SeeInvis +   a - +9 eveningstar (elec)
rCold    + + +     Gourm    .   x - +2 shield of Resistance {rF+ rC+ MR+}
rNeg     + + .     Faith    .   n - +2 robe {Archmagi}
rPois    ∞         Spirit   .   k - +2 helmet {SInv}
rElec    +         Reflect  +   M - +1 cloak of Vexation {+Fly Str+3 Int+5 Stlth-}
rCorr    .         Harm     .   F - +2 pair of gloves {Str+3}
MR       ++...                  q - +2 pair of boots
Stlth    ++........             Q - +3 amulet of reflection
HPRegen  0.31/turn              W - +2 ring of intelligence
MPRegen  0.28/turn              P - ring of Ejarr {rC++ rN+ Int+4 Stlth+}

@: about to teleport, flying, very slightly contaminated
A: big wings, negative energy resistance 1, electricity resistance, unbreathing,
petrification resistance, rot immunity, AC +16
}: 2/15 runes: decaying, serpentine
a: Stop Flying, Renounce Religion


You were on level 1 of the Depths.
You worshipped Vehumet.
Vehumet was exalted by your worship.
You were not hungry.

You visited 10 branches of the dungeon, and saw 42 of its levels.
You visited 1 bazaar.
You also visited: Sewer and Gauntlet.

You collected 5125 gold pieces.
You spent 2548 gold pieces at shops.

Inventory:

Hand Weapons
 a - a +9 eveningstar of electrocution (weapon)
   (You subdued it on level 2 of the Elven Halls)
Missiles
 y - 3 throwing nets (quivered) {!f}
 H - 291 stones
Armour
 k - a +2 helmet of see invisible (worn)
   (You bought it in a shop in a bazaar)
 n - a +2 robe of the Archmagi (worn)
   (You took it off an orc sorcerer on level 2 of the Orcish Mines)
 q - a +2 pair of boots (worn)
   (You bought it in a shop on level 2 of the Orcish Mines)
 x - the +2 shield of Resistance (worn) {rF+ rC+ MR+}
   (You bought it in a shop in a bazaar)

   It protects you from fire.
   It protects you from cold.
   It affects your resistance to hostile enchantments.
 F - a +2 pair of gloves of strength (worn)
   (You found it in a Gauntlet)
 M - the +1 cloak of Vexation (worn) {+Fly Str+3 Int+5 Stlth-}
   (You acquired it on level 2 of the Elven Halls)

   It affects your strength (+3).
   It affects your intelligence (+5).
   It lets you fly.
   It makes you less stealthy.
Jewellery
 w - an uncursed ring of resist corrosion
   (You found it on level 1 of the Snake Pit)
 P - the ring of Ejarr (right hand) {rC++ rN+ Int+4 Stlth+}
   (You found it on level 5 of the Lair of Beasts)

   [ring of intelligence]

   It affects your intelligence (+4).
   It greatly protects you from cold.
   It protects you from negative energy.
   It makes you more stealthy.
 Q - a +3 amulet of reflection (around neck)
   (You found it on level 2 of the Dungeon)
 W - a +2 ring of intelligence (left hand)
   (You found it on level 12 of the Dungeon)
Wands
 u - a wand of paralysis (7)
   (You found it on level 2 of the Swamp)
Scrolls
 h - a scroll of magic mapping
 m - 21 scrolls of teleportation {@r4}
 o - a scroll of fog
 t - 3 scrolls of fear
 D - 4 scrolls of enchant armour
 E - 15 scrolls of identify {@r1}
 I - 9 scrolls of amnesia
 K - 2 scrolls of enchant weapon
 T - 14 scrolls of remove curse {@r2}
Potions
 c - a potion of might
 e - 2 potions of cancellation
 g - a potion of berserk rage
 j - 9 potions of mutation {!q}
 l - a potion of ambrosia
 p - 16 potions of curing {@q1}
 v - 2 potions of magic
 C - 9 potions of haste {@q3}
 J - 3 potions of brilliance
Miscellaneous
 N - 2 phantom mirrors
 O - a lamp of fire (inert)
   (You found it on level 3 of the Lair of Beasts)
Comestibles
 f - 37 rations {!d}


   Skills:
 - Level 11.0 Fighting
 - Level 5.0 Armour
 - Level 1.5 Dodging
 - Level 2.1 Stealth
 + Level 14.5 Shields
 - Level 16.0 Spellcasting
 - Level 14.0 Conjurations
 - Level 7.0 Summonings
 - Level 11.0 Necromancy
 - Level 12.0 Transmutations
 - Level 17.0 Fire Magic
   Level 3.2 Air Magic
 - Level 15.0 Earth Magic
   Level 5.0 Poison Magic
 - Level 3.0 Evocations


You had 10 spell levels left.
You knew the following spells:

 Your Spells              Type           Power        Failure   Level  Hunger
b - Blink                 Tloc           N/A          1%          2    None
g - Apportation           Tloc           #####.       1%          1    None
q - Passwall              Tmut/Erth      ########     0%          2    None
r - Regeneration          Chrm/Necr      #######...   1%          3    None
u - Spellforged Servitor  Conj/Summ      ########..   4%          7    ####...
A - Sandblast             Erth           ######       0%          1    None
B - Stone Arrow           Conj/Erth      ######       0%          3    None
C - Bolt of Magma         Conj/Fire/Erth ########..   1%          5    None
D - Fireball              Conj/Fire      ########..   1%          5    None
E - Iron Shot             Conj/Erth      ########..   1%          6    None
F - Ignition              Fire           ########..   2%          8    #####..

Your spell library contained the following spells:

 Spells                   Type           Power        Failure   Level  Hunger
 Lehudib's Crystal Spear  Conj/Erth      ########..   7%          8    #####..
 Chain Lightning          Conj/Air       #######...   54%         8    #####..
 Animate Skeleton         Necr           N/A          0%          1    None
 Beastly Appendage        Tmut           ######       0%          1    None
 Flame Tongue             Conj/Fire      #####        0%          1    None
 Magic Dart               Conj           ####         0%          1    None
 Pain                     Necr           ####         0%          1    None
 Searing Ray              Conj           ######       0%          2    None
 Sticks to Snakes         Tmut           ########     0%          2    None
 Throw Flame              Conj/Fire      ######       0%          2    None
 Conjure Flame            Conj/Fire      ########     0%          3    None
 Sticky Flame             Conj/Fire      ########     0%          4    None
 Confusing Touch          Hex            #####.       1%          1    None
 Shock                    Conj/Air       ####         1%          1    None
 Sting                    Conj/Pois      ####         1%          1    None
 Summon Small Mammal      Summ           ####         1%          1    None
 Call Imp                 Summ           #######.     1%          2    None
 Ensorcelled Hibernation  Hex/Ice        #####.       1%          2    None
 Poisonous Vapours        Pois/Air       ######       1%          2    None
 Slow                     Hex            #####...     1%          2    None
 Swiftness                Chrm/Air       ######..     1%          2    None
 Dazzling Spray           Conj/Hex       ######       1%          3    None
 Ignite Poison            Fire/Tmut/Pois ########     1%          3    None
 Inner Flame              Hex/Fire       #######.     1%          3    None
 Mephitic Cloud           Conj/Pois/Air  #######.     1%          3    None
 Spider Form              Tmut/Pois      #######...   1%          3    None
 Static Discharge         Conj/Air       #######.     1%          3    None
 Vampiric Draining        Necr           ########..   1%          3    None
 Airstrike                Air            ######....   1%          4    None
 Animate Dead             Necr           N/A          1%          4    None
 Force Lance              Conj/Tloc      #######.     1%          4    None
 Fulminant Prism          Conj/Hex       #######...   1%          4    None
 Ice Form                 Ice/Tmut       #######.     1%          4    None
 Iskenderun's Mystic Bla  Conj           ########     1%          4    None
 Leda's Liquefaction      Hex/Erth       #######...   1%          4    None
 Olgreb's Toxic Radiance  Pois           #######.     1%          4    None
 Petrify                  Tmut/Erth      ########     1%          4    None
 Agony                    Necr           ########     1%          5    None
 Alistair's Intoxication  Tmut/Pois      #######.     1%          5    None
 Blade Hands              Tmut           ########..   1%          5    None
 Bolt of Draining         Conj/Necr      ########..   1%          5    None
 Irradiate                Conj/Tmut      ########..   1%          5    None
 Iskenderun's Battlesphe  Conj/Chrm      #######.     1%          5    None
 Lee's Rapid Deconstruct  Erth           ########..   1%          5    None
 Lightning Bolt           Conj/Air       #######...   1%          5    None
 Venom Bolt               Conj/Pois      #######...   1%          5    None
 Yara's Violent Unravell  Hex/Tmut       #######...   1%          5    None
 Conjure Ball Lightning   Conj/Air       #######...   1%          6    None
 Hydra Form               Tmut           ########..   1%          6    None
 Death Channel            Necr           ########..   2%          6    None
 Dragon Form              Tmut           ########..   9%          7    ####...
 Cause Fear               Hex            #####.....   14%         4    None
 Silence                  Hex/Air        ######....   21%         5    None
 Simulacrum               Ice/Necr       #######...   22%         6    None
 Haunt                    Necr/Summ      #######...   28%         7    ####...
 Shatter                  Erth           ########..   56%         9    #######
 Necromutation            Tmut/Necr      ########..   63%         8    #####..
 Borgnjor's Revivificati  Necr           ########..   69%         8    #####..
 Infestation              Necr           ########..   69%         8    #####..
 Deflect Missiles         Chrm/Air       ######....   73%         6    None
 Invisibility             Hex            #####...     91%         6    None
 Death's Door             Chrm/Necr      #######...   100%        8    #####..
 Discord                  Hex            #####.....   100%        8    #####..
 Sublimation of Blood     Necr           Unusable     N/A         2    N/A
 Statue Form              Tmut/Erth      Unusable     N/A         6    N/A

Dungeon Overview and Level Annotations

Branches:
Dungeon (15/15)            Temple (1/1) D:4            Lair (6/6) D:10
  Swamp (4/4) Lair:3        Snake (4/4) Lair:4        Slime (0/5) Lair:5
    Orc (2/2) D:11            Elf (2/3) Orc:2        Vaults (4/5) D:13
  Crypt (3/3) Vaults:2       Tomb (0/3) Crypt:3      Depths (1/5) D:15
  Sewer (visited)         Gauntlet (visited)

Altars:
Ashenzari
Cheibriados
Dithmenos
Elyvilon
Fedhas
Gozag
Hepliaklqana
Kikubaaqudgha
Makhleb
Nemelex Xobeh
Okawaru
Qazlal
Ru
Sif Muna
Trog
Uskayaw
Vehumet
Wu Jian
Xom
Yredelemnul
Zin
The Shining One
Jiyva

Shops:
D:12 =?[   D:15 ?   Orc:2 [([?   Vaults:1 *   Vaults:2 !   Vaults:4 :!

Portals:
Hell: Depths:1

Annotations:
D:2 1 runed translucent door


Innate Abilities, Weirdness & Mutations

You are resistant to torment.
Your stone body is resilient. (AC +16)
You are immune to poison.
Your large and strong wings let you fly indefinitely.
You resist negative energy. (rN+)
You are resistant to electric shocks. (rElec)
You can survive without breathing.
You are immune to petrification.
You are immune to rotting.


Message History

As you read the scroll of blinking, it crumbles to dust.
The yaktaur shouts!
The brown very ugly thing gurgles horribly!
You hear a horrible gurgling sound!
The ice dragon is engulfed in blazing flames.
The glowing orange brain blinks!
You don't have enough magic to cast that spell.
Okay, then.
Unknown command.
Aim: a glowing orange brain (almost dead) Out of range.
Okay, then.
Unknown command.
A cyan ugly thing comes into view.
The cyan ugly thing gurgles horribly!
The brown very ugly thing gurgles horribly!
The yaktaur wields a +0 arbalest.
The yaktaur shoots a bolt.
The bolt hits you!!
* * * LOW HITPOINT WARNING * * *
The bolt dissolves into shadows!
Aim: a brown very ugly thing (heavily wounded, summoned)
Okay, then.
Unknown command.
Okay, then.
Unknown command.
Okay, then.
Unknown command.
Your surroundings suddenly seem different.
A centaur warrior comes into view.
The centaur warrior shouts!
A tengu warrior comes into view. It is wielding a +0 long sword.
The centaur warrior wields a +0 longbow.
The centaur warrior shoots an arrow.
You reflect the arrow off an invisible shield around you!
The arrow hits the centaur warrior.
A yaktaur comes into view.
The yaktaur shouts!
Found a ration and an arrow.
A glowing orange brain comes into view.
As you read the scroll of teleportation {@r4}, it crumbles to dust.
You feel strangely unstable.
Unknown command.
As you read the scroll of fog, it crumbles to dust.
The scroll dissolves into smoke.
The centaur warrior shoots an arrow.
The arrow hits you!
* * * LOW HITPOINT WARNING * * *
You hear a splash.
The yaktaur wields a +0 arbalest.
The yaktaur shoots a bolt.
The bolt hits you!!
You die...

.≈...# ..... g
...≈.. ..... §
......####.....
§
...............
≈
.......≈.......
.
......§≈≈......
.
.....§G§§≈..≈..
.
.....§§@§.≈.≈..
.
......§§§...≈..
.
.c......§§.§§§≈
.
(........≈..≈≈§
.
...........§≈§§
.
............≈.§
.
......c........
.
..Q............
≈


You could see a tengu warrior (wandering), a glowing orange brain, a centaur
warrior and a yaktaur.

Vanquished Creatures
  An ancient lich (Crypt:3)
  Saint Roka (Vaults:4)
  A bone dragon (Crypt:3)
  Jorgrun (D:12)
  2 liches (Crypt:3)
  A deep elf blademaster (Elf:2)
  2 ancient champions (Crypt:3)
  Gastronok (D:10)
  2 thorn hunters
  2 sphinxes
  A tengu reaver (Vaults:3)
  A storm dragon (Vaults:3)
  4 revenants
  5 frost giants
  Aizul (Swamp:3)
  An orc warlord (Vaults:4)
  2 fire giants
  7 nagarajas
  A curse skull (Crypt:1)
  5 vault wardens
  A very ugly thing (Vaults:1)
  3 ghouls
  6 ironheart preservers
  3 stone giants
  4 vampire knights
  A minotaur (Gauntlet)
  A deep elf annihilator (Elf:1)
  4 ettins
  A deep elf death mage (Vaults:4)
  A fire dragon (Vaults:2)
  5 death oozes (Crypt:2)
  2 eidola (Crypt:2)
  2 jiangshi
  A great orb of eyes (Gauntlet)
  5 yaktaur captains
  4 ice dragons
  Fannar (Lair:3)
  7 vault guards
  21 hydras
  4 naga warriors
  3 catoblepae
  2 rakshasas
  A ghost crab (Swamp:1)
  8 ogre magi
  4 centaur warriors
  3 shambling mangroves
  2 quicksilver dragon skeletons (Crypt:3)
  13 anacondas
  5 death knights
  14 alligators
  14 dancing weapons
  20 two-headed ogres
  A death yak (shapeshifter) (Vaults:4)
  6 death yaks
  A tengu warrior (D:14)
  A deep troll shaman (Depths:1)
  2 vampire magi
  6 shock serpents
  Urug (D:10)
  5 orc high priests (Orc:2)
  A deep troll earth mage (Depths:1)
  10 naga sharpshooters
  4 titan skeletons
  A soul eater (Crypt:2)
  19 deep elf knights
  2 shadow wraiths
  A storm dragon skeleton (Crypt:3)
  3 salamander mystics (Snake:4)
  3 flayed ghosts
  9 swamp dragons
  4 wizards
  2 unseen horrors
  40 skeletal warriors
  2 spriggan druids (Swamp:4)
  A glowing orange brain (Vaults:2)
  A golden dragon skeleton (Crypt:3)
  A deep troll (Depths:1)
  An anaconda skeleton (Crypt:3)
  10 deep elf archers
  6 naga ritualists
  10 lindwurms
  3 phantasmal warriors
  5 ironbrand convokers
  Pikel (D:5)
  10 orc knights
  2 necromancers
  4 orc sorcerers
  42 deep elf magi
  A wolf spider (Vaults:3)
  3 wolf spider zombies
  11 mana vipers
  4 manticores
  A salamander (Snake:2)
  17 ugly things
  2 elephants (Lair:6)
  2 moths of wrath (Lair:5)
  9 cyclopes
  A fire giant skeleton (Crypt:3)
  2 rust devils (D:8)
  A stone giant skeleton (Crypt:3)
  4 guardian serpents
  32 black mambas
  Maurice (D:10)
  13 naga magi
  12 vault sentinels
  11 spiny frogs
  A black mamba (shapeshifter) (Vaults:3)
  Joseph (D:10)
  An eye of devastation (shapeshifter) (Elf:2)
  A dire elephant skeleton (Crypt:3)
  2 orange demons (D:8)
  A pale draconian zombie (Crypt:3)
  12 rime drakes
  A shock serpent skeleton (Crypt:1)
  An alligator snapping turtle zombie (Crypt:3)
  4 gargoyles
  3 freezing wraiths (Crypt:1)
  5 torpor snails
  An efreet (D:13)
  A komodo dragon (Swamp:3)
  11 yaktaurs
  A komodo dragon (shapeshifter) (Vaults:4)
  A kobold demonologist (D:15)
  5 guardian mummies
  A meliai (shapeshifter) (Vaults:1)
  A polar bear (Lair:3)
  5 trolls
  A death drake zombie (Crypt:1)
  A harpy zombie (Crypt:1)
  A hydra zombie (Crypt:1)
  Grinder (D:6)
  3 hydra skeletons (Crypt:3)
  6 bog bodies
  6 blink frogs (Lair:6)
  27 tyrant leeches
  2 dream sheep (Lair:6)
  28 slime creatures
  7 hornets
  2 harpy skeletons
  11 hippogriffs
  A hippogriff (shapeshifter) (Vaults:2)
  A guardian serpent zombie (Crypt:1)
  2 meliai zombies
  A satyr zombie (Crypt:2)
  2 fire dragon skeletons (Crypt:3)
  7 flying skulls (Crypt:3)
  An ice dragon skeleton (Crypt:3)
  3 air elementals (Elf:1)
  2 ettin skeletons (Crypt:3)
  3 shadows (Swamp:1)
  2 redbacks
  A centaur simulacrum (D:15)
  3 water elementals
  2 spriggans
  A vampire (D:15)
  An alligator skeleton (Crypt:1)
  44 yaks
  3 wyverns
  A basilisk (shapeshifter) (Vaults:2)
  11 wraiths
  9 steam dragons (Lair:2)
  5 basilisks
  A hungry ghost (D:11)
  A black mamba skeleton (Crypt:3)
  14 swamp worms
  14 vampire mosquitoes
  4 insubstantial wisps (Swamp:4)
  An orb spider zombie (Crypt:2)
  2 wargs (Orc:1)
  A two-headed ogre zombie (D:11)
  An acid dragon (Vaults:2)
  24 nagas
  12 water moccasins
  8 porcupines
  A spiny frog zombie (Crypt:2)
  5 swamp drakes
  4 sky beasts
  4 ice beasts (D:13)
  32 orc warriors
  A black bear (D:10)
  A black bear (shapeshifter) (Vaults:2)
  5 phantoms
  21 ogres
  23 wolves
  2 boggarts (Depths:1)
  A hog zombie (Crypt:1)
  2 necrophages (Crypt:2)
  12 centaurs
  A snapping turtle skeleton (Crypt:3)
  21 crocodiles
  An octopode zombie (Crypt:3)
  15 bullfrogs
  A wyvern zombie (D:14)
  An earth elemental (Elf:2)
  A wyvern skeleton (D:7)
  6 killer bees (D:12)
  7 scorpions
  3 wights
  14 electric eels
  A raiju skeleton (Crypt:1)
  3 howler monkeys
  6 crimson imps
  10 centaur zombies
  9 hounds
  4 bullfrog zombies
  26 orc priests
  A gnoll shaman (D:6)
  6 iron imps (D:8)
  A jelly (D:7)
  27 orc wizards
  2 bullfrog skeletons (D:12)
  6 centaur skeletons
  9 iguanas
  Ijyb (D:5)
  Natasha (thrice) (D:3)
  4 hell rats (Lair:5)
  A human skeleton (Crypt:3)
  3 worker ants
  A big kobold zombie (Crypt:2)
  7 ogre zombies (D:11)
  A naga skeleton (Crypt:1)
  A big kobold skeleton (Crypt:1)
  A hound zombie (D:9)
  A hound skeleton (D:11)
  3 mummies (D:14)
  8 gnolls
  18 adders
  A river rat (D:5)
  4 shadow imps
  3 oozes
  A halfling zombie (Crypt:1)
  2 iguana skeletons
  3 worms
  A dart slug (D:2)
  12 leopard geckos
  93 orcs
  5 ball pythons
  8 giant cockroaches
  18 goblins
  9 hobgoblins
  22 jackals
  10 bats
  A dart slug zombie (Crypt:2)
  16 frilled lizards
  2 goblin skeletons (D:11)
  3 goblin zombies (D:11)
  2 hobgoblin skeletons (D:11)
  3 hobgoblin zombies (D:11)
  A jackal skeleton (D:6)
  2 jackal zombies
  17 kobolds
  5 orc skeletons (D:11)
  10 orc zombies (D:11)
  10 rats
  A plant (Lair:6)
1515 creatures vanquished.

Vanquished Creatures (collateral kills)
  The ghost of mora the Severer, an adept DDFi of Makhleb (Vaults:4)
  A bone dragon (Crypt:3)
  A lich (Vaults:3)
  A shard shrike zombie (Crypt:2)
  Rupert (Snake:1)
  3 ancient champions (Crypt:3)
  2 nagarajas (Snake:4)
  A fire giant (Vaults:3)
  4 vault wardens
  3 ghouls
  An ironheart preserver (Vaults:2)
  2 reapers
  2 very ugly things (Vaults:1)
  A stone giant (Vaults:3)
  2 entropy weavers
  2 ettins
  2 jiangshi (Crypt:1)
  A yaktaur captain (Vaults:4)
  2 ogre magi (Vaults:1)
  Josephine (D:14)
  A vault guard (Vaults:1)
  An ice dragon (Vaults:2)
  3 naga warriors
  5 hydras (Swamp:4)
  10 two-headed ogres
  3 centaur warriors
  3 death knights
  7 anacondas
  A tengu warrior (D:14)
  6 alligators
  8 dancing weapons
  3 shock serpents (Snake:4)
  7 naga sharpshooters (Snake:4)
  2 spriggans (Swamp:2)
  7 deep elf knights
  6 slime creatures
  3 salamander mystics
  14 skeletal warriors
  2 unseen horrors
  5 deep elf archers
  A flayed ghost (Vaults:4)
  4 swamp dragons (Swamp:4)
  3 naga ritualists
  3 lindwurms
  A wizard (D:15)
  17 deep elf magi
  An ironbrand convoker (Vaults:1)
  4 orc knights
  5 mana vipers
  2 orc sorcerers (Vaults:4)
  A wolf spider (Vaults:1)
  2 cyclopes
  23 ugly things
  2 salamanders
  2 centaur zombies (D:14)
  An iron dragon skeleton (Crypt:1)
  A moth of wrath (shapeshifter) (D:13)
  3 guardian serpents (Snake:4)
  10 black mambas
  7 naga magi
  3 vault sentinels
  A centaur skeleton (D:15)
  2 spiny frogs
  2 freezing wraiths
  2 kobold demonologists (D:15)
  10 yaktaurs
  An iron troll skeleton (Crypt:1)
  A wind drake (shapeshifter) (D:13)
  A meliai (shapeshifter) (Vaults:1)
  A troll (Vaults:4)
  A moth of wrath zombie (Crypt:2)
  3 tyrant leeches
  4 hornets
  A bog body (Swamp:1)
  2 flying skulls (Crypt:3)
  4 redbacks
  4 wraiths
  An air elemental (Elf:2)
  A basilisk (shapeshifter) (Elf:2)
  4 vampire mosquitoes (Swamp:4)
  A warg (Vaults:1)
  13 nagas
  2 insubstantial wisps (Swamp:4)
  A water moccasin (D:15)
  2 hornet zombies
  6 orc warriors
  An elephant zombie (Crypt:2)
  5 ice beasts (D:13)
  A sky beast (D:13)
  2 swamp drakes (Swamp:2)
  7 ogres
  A centaur (D:15)
  A bullfrog (D:9)
  2 big kobolds (D:15)
  2 wights (D:13)
  A jelly (D:15)
  An orc priest (D:15)
  An orc wizard (D:15)
  An acid dragon zombie (Crypt:3)
  11 orcs
  A plant (Snake:4)
336 creatures vanquished.

Vanquished Creatures (others)
  A naga sharpshooter (Snake:4)
  An ironbrand convoker (Vaults:4)
  2 deep elf magi
  A vault sentinel (Vaults:2)
  A centaur (D:11)
  2 orc wizards
  An orc (D:12)
  13 fungi
  10 plants
  15 withered plants
47 creatures vanquished.

Grand Total: 1898 creatures vanquished

Notes
Turn   | Place    | Note
-------+----------+-------------------------------------------
     0 | D:1      | Thantalas the Gargoyle Earth Elementalist began the quest
                  | for the Orb.
     0 | D:1      | Reached XP level 1. HP: 10/10 MP: 3/3
   198 | D:1      | Reached XP level 2. HP: 16/16 MP: 5/5
   228 | D:1      | Reached skill level 1 in Fighting
   434 | D:1      | Reached XP level 3. HP: 20/20 MP: 3/6
   439 | D:1      | Learned a level 3 spell: Stone Arrow
  1167 | D:2      | Found a runed translucent door.
  1167 | D:2      | Noticed a human
  1384 | D:2      | Reached XP level 4. HP: 26/26 MP: 8/8
  1472 | D:2      | Found a snail-covered altar of Cheibriados.
  1497 | D:2      | Found a basalt altar of Yredelemnul.
  1522 | D:2      | Reached skill level 1 in Conjurations
  2298 | D:3      | Reached XP level 5. HP: 27/31 MP: 9/9
  2586 | D:3      | Noticed an ogre
  2608 | D:3      | Killed an ogre
  2608 | D:3      | Reached skill level 5 in Earth Magic
  2787 | D:3      | Noticed Natasha
  2789 | D:3      | Killed Natasha
  2789 | D:3      | Reached XP level 6. HP: 37/37 MP: 11/11
  2844 | D:3      | Noticed Natasha
  2849 | D:3      | Killed Natasha
  2988 | D:3      | Noticed Natasha
  2993 | D:3      | Killed Natasha
  3065 | D:4      | Found a staircase to the Ecumenical Temple.
  3091 | Temple   | Entered the Ecumenical Temple
  3394 | Temple   | Became a worshipper of Vehumet
  3845 | D:4      | Found a white marble altar of Elyvilon.
  3907 | D:5      | Entered Level 5 of the Dungeon
  3912 | D:5      | Reached XP level 7. HP: 42/42 MP: 12/12
  4049 | D:5      | Noticed Ijyb
  4056 | D:5      | HP: 1/42 [Ijyb/+4 dagger (5)]
  4057 | D:5      | Killed Ijyb
  4130 | D:5      | Found a glowing drain.
  4144 | Sewer    | Entered a sewer
  4275 | Sewer    | Reached * piety under Vehumet
  4275 | Sewer    | Offered knowledge of Freeze by Vehumet.
  5289 | D:5      | Reached XP level 8. HP: 34/48 MP: 14/14
  5400 | D:5      | Learned a level 5 spell: Lee's Rapid Deconstruction
  5413 | D:5      | Noticed Pikel
  5425 | D:5      | Killed Pikel
  5425 | D:5      | Reached skill level 5 in Fighting
  5425 | D:5      | Reached skill level 5 in Spellcasting
  5425 | D:5      | Reached skill level 5 in Conjurations
  5621 | D:5      | Found a sacrificial altar of Ru.
  6114 | D:6      | Noticed Grinder
  6119 | D:6      | Killed Grinder
  6119 | D:6      | Reached XP level 9. HP: 55/55 MP: 14/17
  6305 | D:6      | Found a white marble altar of Elyvilon.
  6309 | D:6      | Found an opulent altar of Gozag.
  6724 | D:6      | Reached ** piety under Vehumet
  6724 | D:6      | Offered knowledge of Throw Frost by Vehumet.
  7616 | D:7      | Found a shimmering altar of Xom.
  7686 | D:7      | Learned a level 2 spell: Searing Ray
  8233 | D:8      | Reached XP level 10. HP: 55/63 MP: 19/20
  8596 | D:8      | Found a basalt altar of Yredelemnul.
  8596 | D:8      | Noticed an orange demon
  8596 | D:8      | Noticed a rust devil
  8598 | D:8      | Noticed a rust devil
  8600 | D:8      | Noticed an orange demon
  8615 | D:8      | Killed an orange demon
  8623 | D:8      | Killed an orange demon
  8623 | D:8      | Offered knowledge of Mephitic Cloud by Vehumet.
  8628 | D:8      | Learned a level 3 spell: Mephitic Cloud
  8640 | D:8      | Killed a rust devil
  8778 | D:8      | Killed a rust devil
  8778 | D:8      | Reached skill level 1 in Air Magic
  8778 | D:8      | Reached skill level 1 in Poison Magic
  9214 | D:9      | Reached *** piety under Vehumet
  9592 | D:9      | Offered knowledge of Throw Icicle by Vehumet.
  9592 | D:9      | Reached skill level 10 in Earth Magic
 10025 | D:9      | Got a flickering amber ring
 10143 | D:9      | Identified the ring "Jykkacka" {rPois rC+ Str-5 Int+3
                  | Stlth+} (You found it on level 9 of the Dungeon)
 10218 | D:10     | Entered Level 10 of the Dungeon
 10218 | D:10     | Noticed Joseph
 10230 | D:10     | Killed Joseph
 10230 | D:10     | Reached XP level 11. HP: 48/69 MP: 21/22
 10970 | D:10     | Noticed Maurice
 10982 | D:10     | Killed Maurice
 11095 | D:10     | Found a staircase to the Lair.
 11147 | D:10     | Noticed Gastronok
 11161 | D:10     | Killed Gastronok
 11452 | D:10     | Noticed Urug
 11464 | D:10     | Killed Urug
 11802 | D:10     | Reached **** piety under Vehumet
 11809 | D:10     | Offered knowledge of Bolt of Magma by Vehumet.
 11901 | D:10     | Learned a level 5 spell: Bolt of Magma
 12177 | D:11     | Noticed a two-headed ogre
 12184 | D:11     | Noticed a cyclops
 12186 | D:11     | Reached skill level 1 in Fire Magic
 12186 | D:11     | Killed a two-headed ogre
 12205 | D:11     | Killed a cyclops
 12207 | D:11     | Reached skill level 2 in Fire Magic
 12207 | D:11     | Reached XP level 12. HP: 45/76 MP: 10/24
 12233 | D:11     | Reached skill level 5 in Poison Magic
 12450 | D:11     | Found a staircase to the Orcish Mines.
 12514 | D:11     | Reached ***** piety under Vehumet
 12528 | D:11     | Offered knowledge of Freezing Cloud by Vehumet.
 13273 | Lair:1   | Entered Level 1 of the Lair of Beasts
 13326 | Lair:1   | Reached skill level 3 in Fire Magic
 13365 | Lair:1   | Reached skill level 10 in Fighting
 13366 | Lair:1   | Noticed a seven-headed hydra
 13380 | Lair:1   | Killed a seven-headed hydra
 13380 | Lair:1   | Reached skill level 10 in Conjurations
 13721 | Lair:1   | Reached skill level 4 in Fire Magic
 13846 | Lair:1   | Noticed an eight-headed hydra
 13856 | Lair:1   | Killed an eight-headed hydra
 14350 | Lair:2   | Noticed an eight-headed hydra
 14354 | Lair:2   | Killed an eight-headed hydra
 14354 | Lair:2   | Reached skill level 1 in Armour
 14682 | Lair:2   | Reached skill level 5 in Fire Magic
 14994 | Lair:2   | Reached XP level 13. HP: 81/82 MP: 21/26
 15553 | Lair:2   | Offered knowledge of Conjure Ball Lightning by Vehumet.
 15783 | Lair:3   | Found a gate leading to a gauntlet.
 15801 | Gauntlet | Entered a Gauntlet
 15801 | Gauntlet | Found a transporter.
 15801 | Gauntlet | Found a transporter.
 15822 | Gauntlet | Found a transporter.
 15823 | Gauntlet | Found a transporter.
 15835 | Gauntlet | Found a transporter.
 15839 | Gauntlet | Found a transporter.
 15841 | Gauntlet | Noticed a great orb of eyes
 15843 | Gauntlet | Found a transporter.
 15856 | Gauntlet | Found a runed translucent door.
 15860 | Gauntlet | Found a transporter.
 15873 | Gauntlet | Found a transporter.
 15877 | Gauntlet | Found a transporter.
 15885 | Gauntlet | Found a transporter.
 15889 | Gauntlet | Found a transporter.
 15948 | Gauntlet | Reached skill level 1 in Shields
 15957 | Gauntlet | Reached skill level 6 in Fire Magic
 16191 | Gauntlet | Reached skill level 10 in Spellcasting
 16286 | Gauntlet | Learned a level 2 spell: Passwall
 16296 | Gauntlet | Killed a great orb of eyes
 16493 | Gauntlet | Identified the +3 longbow of Ruifiroe {venom, Int+4 Stlth+}
 16493 | Gauntlet | Noticed a minotaur
 16520 | Gauntlet | Killed a minotaur
 16685 | Gauntlet | Identified Jeag's Papyrus of the Blaze and Glamour
 16914 | Lair:3   | Found a staircase to the Swamp.
 17307 | Lair:3   | Noticed Fannar
 17315 | Lair:3   | Killed Fannar
 17594 | Lair:3   | Reached skill level 5 in Armour
 18305 | Lair:4   | Reached skill level 7 in Fire Magic
 18309 | Lair:4   | Reached skill level 1 in Evocations
 18640 | Lair:4   | Found a staircase to the Snake Pit.
 18837 | Lair:4   | You fall into a shaft and drop 1 floor!
 18914 | Lair:5   | Gained mutation: Your large and strong wings let you fly
                  | indefinitely. [Gargoyle growth]
 18914 | Lair:5   | Reached XP level 14. HP: 88/88 MP: 28/28
 18991 | Lair:5   | Identified the Compendium of Blows and Bruises
 18999 | Lair:5   | Learned a level 5 spell: Irradiate
 19147 | Lair:5   | Reached skill level 1 in Transmutations
 19194 | Lair:5   | Offered knowledge of Spellforged Servitor by Vehumet.
 19249 | Lair:5   | Learned a level 7 spell: Spellforged Servitor
 19862 | Lair:5   | Got a translucent pewter ring
 19864 | Lair:5   | Identified the ring of Ejarr {rC++ rN+ Int+4 Stlth+} (You
                  | found it on level 5 of the Lair of Beasts)
 20024 | Lair:5   | Found a viscous altar of Jiyva.
 20024 | Lair:5   | Found a staircase to the Slime Pits.
 20046 | Lair:5   | Reached skill level 1 in Summonings
 20633 | Lair:6   | Entered Level 6 of the Lair of Beasts
 20677 | Lair:6   | Reached skill level 8 in Fire Magic
 20989 | Lair:6   | Got a dazzling war axe
 20994 | Lair:6   | Identified the cursed +2 war axe of the Fifty Deaths {chop,
                  | rC+} (You found it on level 6 of the Lair of Beasts)
 22443 | D:12     | Found Rutuhus's Magic Scroll Emporium.
 22452 | D:12     | Bought a scroll of remove curse for 36 gold pieces
 22452 | D:12     | Bought a scroll of enchant armour for 90 gold pieces
 22452 | D:12     | Bought a scroll of blinking for 90 gold pieces
 22452 | D:12     | Bought a scroll of blinking for 90 gold pieces
 22452 | D:12     | Bought a scroll of identify for 24 gold pieces
 22452 | D:12     | Bought a scroll of remove curse for 36 gold pieces
 22452 | D:12     | Bought a scroll of identify for 24 gold pieces
 22752 | D:12     | Found Wouzo's Armour Shop.
 22798 | D:12     | Reached skill level 9 in Fire Magic
 23049 | D:12     | Noticed Jorgrun
 23066 | D:12     | Killed Jorgrun
 23066 | D:12     | Reached XP level 15. HP: 81/93 MP: 10/30
 23207 | D:12     | Found Hotira's Jewellery Boutique.
 23302 | D:12     | Bought an uncursed amulet of the acrobat for 420 gold
                  | pieces
 23828 | Orc:1    | Entered Level 1 of the Orcish Mines
 24256 | Orc:1    | Reached ****** piety under Vehumet
 24428 | Orc:2    | Entered Level 2 of the Orcish Mines
 24551 | Orc:2    | Found a staircase to the Elven Halls.
 24818 | Orc:1    | Offered knowledge of Iron Shot by Vehumet.
 24911 | Orc:1    | Learned a level 6 spell: Iron Shot
 25621 | Orc:2    | Reached skill level 5 in Summonings
 26411 | Orc:2    | Found Luthudd's Antique Armour Shop.
 26414 | Orc:2    | Found Gubeicw's Antique Armour Shop.
 26415 | Orc:2    | Found Jipiuxats's Magic Scroll Shop.
 26416 | Orc:2    | Found Vuiquhis's Weapon Boutique.
 26419 | Orc:2    | Bought a scroll of blinking for 90 gold pieces
 26419 | Orc:2    | Bought a scroll of blinking for 90 gold pieces
 26419 | Orc:2    | Bought a scroll of remove curse for 36 gold pieces
 26419 | Orc:2    | Bought a scroll of identify for 24 gold pieces
 26419 | Orc:2    | Bought a scroll of identify for 24 gold pieces
 26419 | Orc:2    | Bought a scroll of identify for 24 gold pieces
 26420 | Orc:2    | Bought a pair of embroidered boots for 157 gold pieces
 26428 | Orc:2    | Bought a pair of runed boots for 247 gold pieces
 26907 | D:13     | Offered knowledge of Poison Arrow by Vehumet.
 27116 | D:13     | Reached skill level 5 in Transmutations
 27700 | D:13     | Found a gate to the Vaults.
 28500 | D:14     | Got a transparent arbalest
 28501 | D:14     | Identified the +8 arbalest of Wesosyb {penet, Int+4} (You
                  | found it on level 14 of the Dungeon)
 28688 | D:14     | Noticed a ghoul
 28694 | D:14     | Noticed a ghoul
 28699 | D:14     | Killed a ghoul
 28717 | D:14     | Killed a ghoul
 28908 | D:14     | Reached XP level 16. HP: 100/100 MP: 23/32
 29301 | D:14     | Noticed Josephine
 29306 | D:14     | Killed Josephine
 29620 | D:15     | Entered Level 15 of the Dungeon
 29704 | D:15     | Offered knowledge of Orb of Destruction by Vehumet.
 30053 | D:15     | Found a shimmering altar of Xom.
 30162 | D:15     | Found Vagreufi's Magic Scroll Shoppe.
 30169 | D:15     | Bought a scroll of amnesia for 63 gold pieces
 30726 | D:15     | Found a staircase to the Depths.
 30941 | Snake:1  | Entered Level 1 of the Snake Pit
 31119 | Snake:1  | Learned a level 2 spell: Blink
 31200 | Snake:1  | Noticed Rupert
 31205 | Snake:1  | Killed Rupert
 31449 | Snake:1  | Got a warped leather armour
 31477 | Snake:1  | Identified the cursed +0 leather armour of Tihiop {Int+2}
                  | (You found it on level 1 of the Snake Pit)
 31582 | Snake:1  | Offered knowledge of Ozocubu's Refrigeration by Vehumet.
 32102 | Lair:4   | Got an ancient scale mail
 32106 | Lair:4   | Got a steaming robe
 32172 | Lair:4   | Identified the cursed +1 robe of Amorality {rC+ Int+4
                  | Slay-5} (You found it on level 4 of the Lair of Beasts)
 32183 | Lair:4   | Identified the +1 scale mail of the Ban {rN+ Dex+5} (You
                  | found it on level 4 of the Lair of Beasts)
 33222 | Snake:2  | Learned a level 3 spell: Regeneration
 33498 | Snake:2  | Reached XP level 17. HP: 41/104 MP: 8/35
 33787 | Snake:2  | Reached skill level 1 in Necromancy
 36821 | Swamp:1  | Entered Level 1 of the Swamp
 37180 | Swamp:1  | Offered knowledge of Lehudib's Crystal Spear by Vehumet.
 37180 | Swamp:1  | Offered knowledge of Chain Lightning by Vehumet.
 37180 | Swamp:1  | Offered knowledge of Ignition by Vehumet.
 39262 | Swamp:2  | Reached skill level 10 in Transmutations
 39843 | Swamp:3  | Found a blossoming altar of Fedhas.
 39969 | Swamp:3  | Reached XP level 18. HP: 108/110 MP: 17/36
 40220 | Swamp:3  | Noticed Aizul
 40230 | Swamp:3  | Killed Aizul
 40424 | Swamp:3  | Reached skill level 5 in Necromancy
 41096 | Elf:1    | Entered Level 1 of the Elven Halls
 41309 | Elf:1    | Reached skill level 15 in Spellcasting
 41318 | Elf:1    | Identified Oshekum's Incunabulum of Conjuration
 42665 | Elf:2    | Found a runed translucent gate.
 42668 | Elf:2    | Found a runed translucent gate.
 42673 | Elf:2    | Found a runed translucent gate.
 42694 | Elf:2    | Identified a scroll of acquirement
 42695 | Elf:2    | Got a smoking cloak
 42706 | Elf:2    | Identified the +1 cloak of Vexation {+Fly Str+3 Int+5
                  | Stlth-} (You acquired it on level 2 of the Elven Halls)
 44048 | Elf:2    | Noticed a deep elf blademaster
 44058 | Elf:2    | Killed a deep elf blademaster
 44129 | Elf:2    | Reached skill level 10 in Fire Magic
 44854 | Snake:4  | Entered Level 4 of the Snake Pit
 44967 | Snake:4  | Reached XP level 19. HP: 76/114 MP: 31/38
 45708 | Snake:4  | Reached skill level 11 in Fire Magic
 46880 | Snake:4  | Reached skill level 12 in Fire Magic
 47277 | Snake:4  | Got a serpentine rune of Zot
 47617 | Swamp:4  | Entered Level 4 of the Swamp
 47622 | Swamp:4  | Reached skill level 10 in Necromancy
 48480 | Swamp:4  | Reached skill level 13 in Fire Magic
 48745 | Swamp:4  | Reached XP level 20. HP: 120/120 MP: 30/39
 48998 | Swamp:4  | Got a decaying rune of Zot
 49487 | Vaults:1 | Entered Level 1 of the Vaults
 49496 | Vaults:1 | You are sucked into a shaft and drop 1 floor!
 49657 | Vaults:1 | Found Suynn's General Store.
 49660 | Vaults:1 | Bought a scroll of magic mapping for 52 gold pieces
 49687 | Vaults:1 | Found an ornate altar of the Wu Jian Council.
 51164 | Vaults:1 | Reached skill level 14 in Fire Magic
 51472 | Vaults:1 | Learned a level 8 spell: Ignition
 51982 | Vaults:2 | Found a staircase to the Crypt.
 51989 | Vaults:2 | Reached skill level 15 in Fire Magic
 52780 | Vaults:2 | Learned a level 5 spell: Fireball
 53300 | Vaults:2 | Found Ugrukhluff's Distillery.
 53308 | Vaults:2 | Bought a potion of curing for 30 gold pieces
 53308 | Vaults:2 | Bought a potion of heal wounds for 50 gold pieces
 53308 | Vaults:2 | Bought a potion of curing for 30 gold pieces
 53308 | Vaults:2 | Bought a potion of curing for 30 gold pieces
 53308 | Vaults:2 | Bought 2 potions of mutation for 160 gold pieces
 53519 | Vaults:3 | Reached XP level 21. HP: 110/124 MP: 23/41
 54469 | Vaults:3 | Paralysed by a lich for 7 turns
 54666 | Vaults:3 | Reached skill level 16 in Fire Magic
 54904 | Vaults:3 | Got a heavily runed cloak
 54905 | Vaults:3 | Identified the +0 cloak "Yllui" {+Blink rC+ Str-2} (You
                  | found it on level 3 of the Vaults)
 55670 | D:10     | Learned a level 1 spell: Apportation
 56027 | Vaults:4 | Found Xetant's Distillery.
 56127 | Vaults:4 | Found Loidgh's Book Emporium.
 56145 | Vaults:4 | Reached skill level 17 in Fire Magic
 56226 | Vaults:4 | Found a flickering gateway to a bazaar.
 56235 | Bazaar   | Entered a bazaar
 56256 | Bazaar   | Found Hiuwuon's Food Boutique.
 56270 | Bazaar   | Found Suruf's Antique Armour Shop.
 56284 | Bazaar   | Found Tiwagus's Food Boutique.
 56309 | Bazaar   | Found Hauginiolu's Food Boutique.
 56323 | Bazaar   | Found Kiomot's Assorted Antiques.
 56407 | Bazaar   | Bought the +2 shield of Resistance {rF+ rC+ MR+} for 534
                  | gold pieces
 56407 | Bazaar   | Found the +2 shield of Resistance {rF+ rC+ MR+}
 56427 | Bazaar   | Bought a glowing helmet for 97 gold pieces
 56904 | Vaults:4 | Found a runed translucent door.
 56904 | Vaults:4 | Noticed mora's ghost (adept DDFi)
 56923 | Vaults:4 | Killed mora's ghost
 56923 | Vaults:4 | Reached skill level 5 in Shields
 57464 | Vaults:4 | Noticed Saint Roka
 57471 | Vaults:4 | Paralysed by an orc sorcerer for 5 turns
 57482 | Vaults:4 | Killed Saint Roka
 58220 | Crypt:1  | Entered Level 1 of the Crypt
 59749 | Crypt:2  | Reached XP level 22. HP: 108/130 MP: 8/42
 60594 | Crypt:2  | Reached skill level 15 in Earth Magic
 61148 | Crypt:3  | Entered Level 3 of the Crypt
 61546 | Crypt:3  | Reached skill level 10 in Shields
 61679 | Crypt:3  | Found a staircase to the Tomb.
 62470 | Crypt:3  | Found a basalt altar of Yredelemnul.
 63744 | Crypt:3  | Noticed an ancient lich
 63765 | Crypt:3  | Killed an ancient lich
 63973 | Crypt:3  | Got a coiled garnet amulet
 63974 | Crypt:3  | Identified the amulet "Jyzumapi" {Gourm Dex+2} (You found
                  | it on level 3 of the Crypt)
 63979 | Crypt:3  | Got a transparent leather armour
 63980 | Crypt:3  | Identified the +3 leather armour of Gluttony {rN+ Dex+4}
                  | (You found it on level 3 of the Crypt)
 63981 | Crypt:3  | Identified the Volume of Black Rituals
 64444 | Depths:1 | Entered Level 1 of the Depths
 64480 | Depths:1 | Found a gateway to Hell.
 64528 | Depths:1 | Shot with a bolt by a yaktaur

Levels and vault maps discovered:
D:1:      psy_arrival_basics, layout_basic, minmay_tromino_i2
D:2:      layout_loops_ring, nicolae_overflow_hidden_temple,
          dk_yredelemnul_ordeal
D:3:      layout_loops_ring, minmay_ogre_servants, uniq_natasha
D:4:      layout_rooms, minmay_temple_entry_overgrown, elyvilon_altar_1
D:5:      layout_basic, nicolae_ru_sacrificial_ziggurat, first_ration,
          lightli_sewer_entry_pipes, uniq_pikel, uniq_ijyb
D:6:      layout_gridville, chequers_temple_overflow_statue_of_worship,
          minmay_misc_feat_rows, minmay_crystal_water, minivault_23,
          uniq_grinder
D:7:      layout_loops_ring, tgw_xom, the_bakery, minmay_misc_feat_nine_boxes
D:8:      layout_gridville, lemuel_hellish_altar
D:9:      cheibrodos_two_vegetables, layout_rooms
D:10:     layout_roguey, erik_lair_island, minmay_orc_keep, uniq_joseph,
          uniq_maurice, uniq_gastronok, uniq_urug
D:11:     layout_irregular_city, zombieorc2_lemuel
D:12:     wad_lake_hut, layout_irregular_city, serial_shops, shop_scrolls, shop,
          kennysheep_mini, minmay_joined_circles, uniq_jorgrun
D:13:     layout_irregular_city, david_vaults_4,
          portal_ice_cave_entry_ice_beasts
D:14:     layout_rooms, serial_undead, serial_undead_a, serial_undead_f,
          serial_undead_e, serial_undead_c, serial_undead_b, serial_undead_b,
          serial_undead_a, dk_noncrumbling_4, uniq_josephine
D:15:     grunt_enter_depths_magical_seal, layout_basic, minmay_misc_feat_tiny,
          serial_shops, shop_statue, basic_altar
Temple:   minmay_temple_bridge_d
Lair:1:   layout_loops_ring, serial_bayou_shore_a
Lair:2:   layout_gridlike, bobbens_dragon_lair_wall
Lair:3:   lemuel_reptile_caves, layout_long_grid, minmay_swamp_entry_worms,
          gauntlet_entry_generic, serial_bayou_shore_b, uniq_fannar
Lair:4:   layout_loops_ring, dummy_snake_entry, minmay_lindwurm_lava
Lair:5:   layout_layer_cave, slime_altar_1, worms_lemuel
Lair:6:   hangedman_lair_in_review, layout_misc_corridors,
          infiniplex_staircase_pool
Swamp:1:  layout_basic_swamp, evilmike_swamp_ruin_house_2
Swamp:2:  layout_basic_swamp, infiniplex_staircase_pool_2
Swamp:3:  layout_basic_swamp, nicolae_swamp_godswood, swamp_pool1,
          nicolae_swamp_trees_clearing, uniq_aizul
Swamp:4:  swamp_alternative, layout_basic_swamp
Snake:1:  layout_onion_interference, fake_guardian_serpent_vault, uniq_rupert
Snake:2:  layout_chambers, corexii_hall_statues_s, nrook_loot_triangle
Snake:3:  layout_chambers, drop_trap
Snake:4:  snake_pit_salamanders_mu, layout_basic, lemuel_fruit_tree
Orc:1:    layout_caves, mines4_lemuel
Orc:2:    st_orc_pillars, layout_diamond_mine
Elf:1:    layout_gridlike, minmay_elf_annihilation
Elf:2:    layout_gridlike, ebering_dispersal_statue_hall
Vaults:1: v_misc_18, nicolae_vaults_little_ls, st_octagons_2,
          vaults_dpeg_spiral, hangedman_vaults_restitches,
          grunt_vaults_hallway_short, nicolae_vaults_little_squares_2,
          nicolae_vaults_little_squares_1, nicolae_vaults_angled_halls,
          v_misc_29, dpeg_vaults_monster_box, layout_vaults_omnigrid,
          basic_altar, serial_shops, nicolae_shop_behind_doors
Vaults:2: vaults_room_pool, grunt_vaults_trifunnel,
          minmay_crypt_entry_simple_sparse, nicolae_vaults_puzzle_piece,
          ontoclasm_vaults_loading_screen, st_more_cells, v_misc_1,
          grunt_vaults_hallway_long, nicolae_vaults_mini_display_case,
          nicolae_vaults_ring_of_whatevers, ontoclasm_vaults_pinch,
          layout_vaults_omnibox, serial_shops, nicolae_shop_waterfront
Vaults:3: vaults_room_boxed, dpeg_vaults_waves, v_misc_1, v_alt_pattern_5,
          hangedman_vaults_river_flow, vaults_dpeg_diagonal,
          ontoclasm_vaults_eye, nicolae_vaults_sealed_display,
          layout_vaults_chaotic_city
Vaults:4: ebering_vaults_ghost_inner_flame, hangedman_vaults_cutoff,
          grunt_vaults_funnel, v_alt_pattern_6, v_misc_25,
          hangedman_vaults_nails, hangedman_vaults_stagger,
          ontoclasm_vaults_decontamination, vaults_room_door_ring,
          ontoclasm_vaults_ring_small, v_alt_pattern_2, v_misc_13,
          vaults_room_pool, layout_vaults_maze_snakey, serial_shops,
          bzr_firewalk, shop, nicolae_shop_trees, uniq_saint_roka
Crypt:1:  layout_catacombs, item_on_display_a
Crypt:2:  layout_rooms, minigarden_bobbens
Crypt:3:  church_of_pain_bobbens, layout_chaotic_city, tomb_entry_simple_bobbens
Depths:1: layout_big_octagon, serial_rivers, chequers_serial_rivers_small_3,
          chequers_serial_rivers_small_3, chequers_serial_rivers_micro_e,
          chequers_serial_rivers_micro_e, chequers_serial_rivers_micro_d,
          pf_coc_iceberg, minmay_holes, brannock_guarded_unrand_thermic_engine,
          uniq_asterion, uniq_mara

Skill      XL: |  1  2  3  4  5  6  7  8  9 10 11 12 13 14 15 16 17 18 19 20 21 22 |
---------------+-------------------------------------------------------------------+-----
Fighting       | 1 2 3 4 5 7 8 9 10 11 | 11.0
Earth Magic    | 4 5 6 7 9 10 11 12 13 14 15 | 15.0
Conjurations   | 1 2 3 4 5 7 8 9 10 12 13 14 | 14.0
Spellcasting   | 3 4 5 6 7 8 9 10 11 12 14 15 16 | 16.0
Air Magic      | 2 3 |  3.2
Poison Magic   | 2 4 5 |  5.0
Fire Magic     | 2 5 7 9 10 13 15 17 | 17.0
Armour         | 2 5 |  5.0
Shields        | 4 7 14 | 14.5
Evocations     | 2 3 |  3.0
Transmutations | 2 5 9 10 11 12 | 12.0
Summonings     | 4 7 |  7.0
Necromancy     | 4 7 10 11 | 11.0
Dodging        | |  1.5
Stealth        | |  2.1

Action                   |  1- 3 |  4- 6 |  7- 9 | 10-12 | 13-15 | 16-18 | 19-21 | 22-24 || total
-------------------------+-------+-------+-------+-------+-------+-------+-------+-------++-------
Melee: Unarmed           |     9 |       |       |       |       |       |       |       ||     9
       Dagger            |    87 |       |       |       |       |       |       |       ||    87
       Whip              |     3 |   125 |   136 |   182 |   156 |       |       |       ||   602
       War axe           |       |       |       |       |   227 |   188 |       |       ||   415
       Eveningstar       |       |       |       |       |       |    13 |   375 |   148 ||   536
 Cast: Sandblast         |    28 |    15 |    97 |   122 |   216 |   268 |   138 |     6 ||   890
       Stone Arrow       |     1 |     6 |    32 |    98 |   307 |   208 |    71 |     3 ||   726
       Searing Ray       |       |       |     8 |    29 |    14 |       |       |       ||    51
       Lee's Rapid Decon |       |       |     4 |    13 |    40 |    48 |    48 |       ||   153
       Mephitic Cloud    |       |       |       |    25 |    45 |     3 |       |       ||    73
       Bolt of Magma     |       |       |       |       |    69 |   107 |   103 |    23 ||   302
       Irradiate         |       |       |       |       |     1 |       |       |       ||     1
       Iron Shot         |       |       |       |       |    29 |    67 |   116 |    58 ||   270
       Spellforged Servi |       |       |       |       |    12 |    45 |    62 |     7 ||   126
       Passwall          |       |       |       |       |     4 |       |     2 |       ||     6
       Regeneration      |       |       |       |       |       |    15 |    29 |     2 ||    46
       Blink             |       |       |       |       |       |     4 |     4 |     3 ||    11
       Fireball          |       |       |       |       |       |       |    49 |    46 ||    95
       Ignition          |       |       |       |       |       |       |     5 |    28 ||    33
       Apportation       |       |       |       |       |       |       |       |     4 ||     4
 Abil: Fly               |       |       |       |       |     1 |       |       |       ||     1
Evoke: Wand              |       |       |     3 |    14 |    35 |    24 |    13 |    11 ||   100
       Lamp of fire      |       |       |       |       |     3 |     3 |     2 |     2 ||    10
  Use: Scroll            |       |    15 |     4 |     9 |    20 |    25 |    17 |     9 ||    99
       Potion            |       |       |     4 |     3 |    12 |     6 |    11 |     3 ||    39
 Stab: Sleeping          |     4 |     6 |     2 |     1 |       |     3 |     1 |       ||    17
       Confused          |       |       |       |     8 |    20 |     1 |       |       ||    29
       Distracted        |       |       |       |     1 |     1 |       |     3 |       ||     5
       Petrified         |       |       |       |       |     4 |       |       |       ||     4
       Invisible         |       |       |       |       |       |       |     1 |       ||     1
  Eat: Chunk             |     2 |     8 |    11 |    17 |    47 |    31 |    40 |       ||   156
       Ration            |       |       |     2 |     3 |     6 |    14 |     7 |     8 ||    40
Armor: Robe              |    44 |    48 |    79 |    28 |    80 |   385 |   477 |   143 ||  1284
       Leather armour    |       |       |       |   117 |   264 |       |       |       ||   381
Dodge: Dodged            |    96 |    77 |   127 |   178 |   328 |   271 |   313 |   106 ||  1496
Block: Other             |       |    18 |    28 |    33 |     2 |       |       |       ||    81
       Reflection        |       |     1 |     2 |     2 |    13 |    36 |    38 |     3 ||    95
       Buckler           |       |       |       |       |   256 |   247 |   352 |   103 ||   958
       Shield            |       |       |       |       |       |       |       |    24 ||    24
